 Seeded DCSS version 0.30-a0-55-g90e3122c3a (webtiles) character file.

Game seed: 20220907 (custom seed)

39 AttackTheMoon the Cudgeller (level 3, -1/30 HPs)
             Began as a Meteoran Gladiator on Sept 7, 2022.
             Slain by a gnoll
             ... wielding a +0 club
              (7 damage)
             ... on level 3 of the Dungeon on Sept 9, 2022.
             The game lasted 00:01:59 (334 turns).

AttackTheMoon the Cudgeller (Meteoran Gladiator)     Turns: 334, Time: 00:02:00

Health: -1/30      AC:  5    Str: 17    XL:     3   Next: 94%
Magic:  4/4        EV: 13    Int:  9    God:
Gold:   12         SH:  0    Dex: 16    Spells: 2/2 levels left

rFire   . . .      SeeInvis .    a - +0 flail
rCold   . . .      Faith    .    (no shield)
rNeg    . . .      Spirit   .    b - +0 leather armour
rPois   .          Reflect  .    c - +0 helmet
rElec   .          Harm     .    (no cloak)
rCorr   +          Rampage  .    f - +0 pair of gloves
Will    .....                    (no boots)
Stlth   +.........               (no amulet)
HPRegen 0.10/turn                h - ring of resist corrosion
MPRegen 0.09/turn                (no ring)

@: glowing
A: sense surroundings 1, otherworldly, glowing, explore regen
a: no special abilities


You were on level 3 of the Dungeon.
You visited 1 branch of the dungeon, and saw 3 of its levels.

You collected 12 gold pieces.

Inventory:

Hand Weapons
 a - a +0 flail (weapon)
Missiles
 d - 2 throwing nets (quivered)
Armour
 b - a +0 leather armour (worn)
 c - a +0 helmet (worn)
 f - a +0 pair of gloves (worn)
Jewellery
 h - a ring of resist corrosion (left hand)


   Skills:
 + Level 2.6 Fighting
 + Level 4.4 Maces & Flails
 + Level 3.0 Throwing
 + Level 1.3 Armour
 + Level 4.0 Dodging


You had 2 spell levels left.
You didn't know any spells.
Your spell library was empty.

Dungeon Overview and Level Annotations

Branches:
Dungeon (3/15) Zot: 1451

Altars:


Innate Abilities, Weirdness & Mutations

You passively map a small area around you.
You are easily found by Zot.
You glow in the dark.
You regain HP and MP as you explore.


Message History

Save game and exit?
Welcome back, AttackTheMoon the Meteoran Gladiator.
Game seed: 20220907 (custom seed) Press ? for a list of commands and other information.
Unknown command.
Throw: javelin
Press: ? - help, Q - select action, (/) - cycle Shift-Dir - straight line, f - gnoll
Aim: a gnoll, wielding a +0 halberd (65% to hit)
You throw a javelin. The javelin closely misses the gnoll.
The gnoll closely misses you.
Unknown command.
The gnoll attacks as you move away! The gnoll misses you.
Throw: 3 throwing nets
Press: ? - help, Q - select action Shift-Dir - straight line, f/p - gnoll
Aim: a gnoll, wielding a +0 halberd (65% to hit)
You throw a throwing net. The throwing net hits the gnoll.
The gnoll is caught in the net!
The gnoll struggles against the net.
The gnoll barely misses you.
You catch the helpless gnoll completely off-guard!
You thump the gnoll!
The gnoll is severely wounded.
The gnoll struggles against the net.
The gnoll closely misses you. The hobgoblin barely misses you.
You sock the gnoll!
You kill the gnoll!
The gnoll hits you from afar with a +0 halberd.
The hobgoblin hits you.
* * * LOW HITPOINT WARNING * * *
The hobgoblin closely misses you. The gnoll barely misses you.
Your Throwing skill increases to level 3!
You hit the gnoll but do no damage. The gnoll hits you with a +0 whip.
* * * LOW HITPOINT WARNING * * *
The gnoll hits you with a +0 club!
You die...

, , ,, *
#.....#################
#......................###
..........................
, #........
,.............. .#.......#
#...........# , .........#
#...........# *
.........#####.g.........#
*,
.............gg@.........#
............(.g..........#
###############..........#
,, , , #....####... , '**
* #....# # , , ,,
#....#####.#, * * *,
#..........#,, , , *,
#....#.#######. * , ,8 ,
#................


You could see 3 gnolls and a hobgoblin.

Vanquished Creatures
  A gnoll (D:3)
  A worm (D:3)
  3 ball pythons
  3 endoplasms
  A giant cockroach (D:2)
  4 hobgoblins
  3 bats (D:2)
  A frilled lizard (D:3)
  4 goblins
  A kobold (D:2)
  3 rats (D:1)
25 creatures vanquished.

Notes
Turn   | Place    | Note
-------+----------+-------------------------------------------
     0 | D:1      | AttackTheMoon the Meteoran Gladiator began the quest for
                  | the Orb.
     0 | D:1      | Reached XP level 1. HP: 17/17 MP: 2/2
    41 | D:1      | Found a faded altar of an unknown god.
    73 | D:1      | Reached XP level 2. HP: 22/24 MP: 3/3
   193 | D:2      | Reached skill level 1 in Armour
   193 | D:2      | Reached XP level 3. HP: 30/30 MP: 4/4
   327 | D:3      | Upgraded the game from 0.30-a0-54-g2e61a25929 to
                  | 0.30-a0-55-g90e3122c3a
   334 | D:3      | Slain by a gnoll

Illustrated notes

Levels and vault maps discovered:
D:1:      wheals_arrival_shading, layout_rooms, shapermc_ecumenical_altar_gd,
          moated_statue, hangedman_feature_mirror
D:2:      layout_basic
D:3:      layout_basic, serial_corexii_hall, corexii_hall_statues_t,
          corexii_hall_statues_i, minmay_statues_item

Skill      XL: |  1  2  3 |
---------------+----------+-----
Armour         | 1 |  1.3
Dodging        | 4 |  4.0
Throwing       | 3 |  3.0
Fighting       | |  2.6
Maces & Flails | |  4.4

Action                   || total
-------------------------++-------
Melee: Flail             ||    76
Throw: Javelin           ||     1
       Throwing net      ||     1
  Use: Scroll            ||     4
 Stab: Held in net/web   ||     1
Armor: Leather armour    ||    44
Dodge: Dodged            ||    54

Table legend: (Time is in decaauts)
 A = Elapsed time spent in this place.
 B = Non-inter-level travel time spent in this place.
 C = Inter-level travel time spent in this place.
 D = Time resting spent in this place.
 E = Time spent auto-exploring this place.
 F = Levels seen in this place.
 G = Mean time per level.
                   A        B        C        D        E       F      G
               +--------+--------+--------+--------+--------+-----+--------+
         Total |    347 |    347 |      0 |      0 |    116 |   3 |  115.7 |
       Dungeon |    347 |    347 |      0 |      0 |    116 |   3 |  115.7 |
               +--------+--------+--------+--------+--------+-----+--------+

Top non-repeatable levels by time:
     D:2: 140 daAuts
     D:3: 111 daAuts
     D:1: 95 daAuts
